 Dungeon Crawl Stone Soup version 0.29-a0-914-g906f1d757c (webtiles) character file.

Game seed: 2553366421967471446

3662 wilfster70 the Placeless Spriggan (level 9, -4/41 HPs)
             Began as a Spriggan Hunter on July 26, 2022.
             Was an Initiate of Gozag.
             Slain by a gnoll sergeant
             ... wielding a +0 spear
              (14 damage)
             ... on level 8 of the Dungeon.
             The game lasted 00:24:20 (10817 turns).

wilfster70 the Placeless Spriggan (SpHu)           Turns: 10817, Time: 00:24:21

Health: -4/41      AC:  4    Str:  7    XL:     9   Next: 89%
Magic:  19/19      EV: 17    Int: 14    God:    Gozag
Gold:   621        SH:  0    Dex: 19    Spells: 13/20 levels left

rFire   . . .      SeeInvis +   a - +2 shortbow (vorpal)
rCold   . . .      Faith    .   (shield currently unavailable)
rNeg    + . .      Spirit   .   r - +2 robe {rN+}
rPois   .          Reflect  .   (helmet restricted)
rElec   .          Harm     .   (no cloak)
rCorr   .          Rampage  .   (gloves unavailable)
Will    ++...                   (boots unavailable)
Stlth   +++.......              q - amulet of regeneration
HPRegen 0.93/turn               l - ring of willpower
MPRegen 0.16/turn               z - ring of flight

@: flying, very quick
A: very small, no large weapons, unfitting armour, see invisible, speed 3
a: Renounce Religion, Potion Petition, Call Merchant, Bribe Branch


You were on level 8 of the Dungeon.
You worshipped Gozag.
Gozag was pleased with you.
You visited 2 branches of the dungeon, and saw 9 of its levels.

You collected 807 gold pieces.
You spent 122 gold pieces at shops.
You paid 64 gold pieces to Gozag.

Inventory:

Hand Weapons
 a - a +2 vorpal shortbow (weapon)
 b - a +2 dagger of freezing
Missiles
 e - 13 poisoned darts
 m - 6 datura-tipped darts
Armour
 r - a +2 robe of positive energy (worn)
Jewellery
 d - a ring of fire
 i - a ring of positive energy
 l - a ring of willpower (left hand)
 q - an amulet of regeneration (around neck)
 z - a ring of flight (right hand)
Wands
 s - a wand of flame (20)
 y - a wand of charming (5)
Scrolls
 c - a scroll of amnesia
 g - 2 scrolls of magic mapping
 u - a scroll of butterflies
 v - 6 scrolls of blinking
 A - a scroll of summoning {unknown}
Potions
 f - 3 potions of lignification
 h - 3 potions of brilliance
 j - 2 potions of resistance
 k - 3 potions of haste
 o - 2 potions of curing
 p - a potion of heal wounds
 t - 2 potions of might {unknown}
 w - 2 potions of invisibility
 x - a potion of mutation {unknown}


   Skills:
 - Level 1.5 Fighting
 + Level 10.8 Ranged Weapons
 - Level 2.6 Dodging
 - Level 5.2 Stealth
 + Level 6.4 Spellcasting
 - Level 11.0 Translocations


You had 13 spell levels left.
You knew the following spells:

 Your Spells              Type           Power      Damage    Failure   Level
a - Manifold Assault      Tloc           35%        N/A       4%          5
g - Blink                 Tloc           70%        N/A       1%          2

Your spell library contained the following spells:

 Spells                   Type           Power      Damage    Failure   Level
 Lesser Beckoning         Tloc           35%        N/A       1%          3
 Beastly Appendage        Tmut           8%         N/A       16%         1
 Iskenderun's Mystic Bla  Conj/Tloc      20%        2d6       16%         4
 Wereblood                Tmut           4%         N/A       22%         2
 Dazzling Flash           Conj/Hex       8%         N/A       41%         3
 Ozocubu's Armour         Ice            4%         N/A       41%         3
 Spider Form              Tmut/Pois      4%         N/A       41%         3
 Starburst                Conj/Fire      2%         6d3       100%        6
 Ozocubu's Refrigeration  Ice            2%         4d5       100%        7


Dungeon Overview and Level Annotations

Branches:
Dungeon (8/15)             Temple (1/1) D:5
   Lair: D:8-11

Altars:
Dithmenos
Fedhas
Gozag
Hepliaklqana
Kikubaaqudgha
Makhleb
Qazlal
Ru
Sif Muna
Trog
Uskayaw
Vehumet
Zin
The Shining One

Shops:
D:2 !   D:3 (:

Portals:
Abyss: D:4

Annotations:
D:4 2 transporters, Aviak's ghost, amateur DjCj


Innate Abilities, Weirdness & Mutations

You are very small and have problems with some larger weapons.
You are too small for most types of armour.
You have supernaturally acute eyesight. (SInv)
You cover ground extremely quickly. (Speed+++)


Message History

The arrow completely misses the gnoll sergeant.
You shoot an arrow.
The arrow barely misses the gnoll sergeant.
The arrow closely misses the gnoll.
The arrow hits the gnoll!
You kill the gnoll!
You shoot an arrow.
The arrow closely misses the gnoll sergeant.
The arrow hits the gnoll but does no damage.
You shoot an arrow.
The arrow barely misses the gnoll sergeant.
The arrow hits the gnoll.
The gnoll is moderately wounded.
You shoot an arrow. The arrow hits the gnoll sergeant.
The gnoll sergeant is heavily wounded.
You shoot an arrow. The arrow hits the gnoll sergeant.
The gnoll sergeant is severely wounded.
The gnoll sergeant completely misses you.
You shoot an arrow. The arrow hits the gnoll sergeant.
The gnoll sergeant is severely wounded.
The gnoll sergeant hits you from afar with a +0 spear.
The gnoll closely misses you. The gnoll sergeant misses you.
There is a stone staircase leading up here.
There is a stone staircase leading up here.
The gnoll sergeant barely misses you. The gnoll misses you.
You fly upwards.
There is a stone staircase leading down here.
You start waiting.
Done waiting.
You fly downwards.
The gnoll barely misses you. The gnoll hits you with a +0 whip.
The gnoll barely misses you.
The gnoll sergeant hits you from afar with a +0 spear.
There is a stone staircase leading up here.
The gnoll hits you from afar with a +0 spear!
The gnoll hits you from afar with a +0 halberd!
The gnoll hits you with a +0 whip.
* * * LOW HITPOINT WARNING * * *
The gnoll sergeant hits you from afar with a +0 spear!
You die...
Your body crumbles into a pile of gold.

###### #....## ##'##..##
##...##..#################
##.....##..##........#....#
##.#...#.##..#........#....#
#.8.8.8.8.##.##...##..#....######
...........#..##[###..##...##...#
.....?.....+....@g##..##...'g.g..
)..........#....).gg.(...$.#.<..g
#.8.8.8.8.##....g.g........##...#
##.#...#.####..##.######...##...#
##.....## ####### ######...#
##...##+ +..... ##+##.# #.....
#....# ##...# #####....#######
#...#


You could see a gnoll sergeant and 4 gnolls.

Vanquished Creatures
  2 steam dragons
  A water moccasin (D:6)
  A sky beast (D:6)
  A black bear (D:7)
  2 ice beasts
  2 orc warriors
  4 ogres
  2 centaurs
  4 phantoms
  4 necrophages
  3 bullfrogs
  A kobold brigand (D:8)
  A gnoll sergeant (D:7)
  2 scorpions
  5 killer bees (D:6)
  A howler monkey (D:6)
  7 hounds
  2 gnoll boudas
  2 orc priests
  Jessica (D:2)
  6 iguanas
  3 orc wizards
  Robin (D:2)
  15 gnolls
  11 adders
  2 shadow imps
  6 white imps
  2 ufetubi (D:5)
  2 worms
  2 dart slugs
  22 orcs
  6 bats
  12 endoplasms
  10 goblins
  9 hobgoblins
  2 jackals (D:2)
  6 quokkas
  3 ball pythons
  4 frilled lizards
  10 kobolds
  6 rats
188 creatures vanquished.

Vanquished Creatures (others)
  An orc (D:8)
1 creature vanquished.

Grand Total: 189 creatures vanquished

Notes
Turn   | Place    | Note
-------+----------+-------------------------------------------
     0 | D:1      | wilfster70 the Spriggan Hunter began the quest for the Orb.
     0 | D:1      | Reached XP level 1. HP: 10/10 MP: 2/2
   218 | D:1      | Reached XP level 2. HP: 14/14 MP: 3/3
   559 | D:1      | Found a faded altar of an unknown god.
   760 | D:2      | Identified the +1 helmet of Instinct {rElec}
   760 | D:2      | Noticed Robin
  1081 | D:1      | Reached XP level 3. HP: 14/18 MP: 4/4
  1605 | D:2      | Killed Robin
  1760 | D:2      | Noticed Jessica
  1762 | D:2      | Killed Jessica
  1763 | D:2      | Reached XP level 4. HP: 22/22 MP: 5/5
  2001 | D:2      | Reached skill level 5 in Ranged Weapons
  2001 | D:2      | Reached skill level 5 in Stealth
  2864 | D:2      | Found Akhutwor's Distillery.
  2873 | D:2      | Bought a potion of degeneration for 14 gold pieces
  3130 | D:3      | Learned a level 2 spell: Blink
  3277 | D:3      | Found Tasmoja's Antique Weapon Emporium.
  3364 | D:3      | Found Deodgha's Vocational Training.
  3722 | D:4      | Reached XP level 5. HP: 20/25 MP: 6/6
  3883 | D:4      | Reached skill level 1 in Translocations
  3911 | D:4      | Noticed an ogre
  3955 | D:4      | HP: 1/25 [ogre/+0 giant spiked club (20)]
  3959 | D:4      | Found a transporter.
  3980 | D:4      | Killed an ogre
  3981 | D:4      | Reached skill level 2 in Translocations
  4349 | D:4      | Reached XP level 6. HP: 30/30 MP: 4/7
  4458 | D:3      | Bought a runed shortbow for 108 gold pieces
  4525 | D:4      | Reached skill level 3 in Translocations
  4828 | D:3      | Reached skill level 4 in Translocations
  4970 | D:4      | Noticed Aviak's ghost (amateur DjCj)
  4973 | D:4      | Found a one-way gate to the infinite horrors of the Abyss.
  4991 | D:4      | Found a transporter.
  5311 | D:5      | Entered Level 5 of the Dungeon
  5458 | D:5      | Reached skill level 1 in Spellcasting
  5573 | D:5      | Reached XP level 7. HP: 33/33 MP: 8/10
  6448 | D:5      | Reached XP level 8. HP: 19/37 MP: 13/15
  6599 | D:5      | Learned a level 5 spell: Manifold Assault
  6740 | D:5      | Found a staircase to the Ecumenical Temple.
  6749 | Temple   | Entered the Ecumenical Temple
  6869 | Temple   | Became a worshipper of Gozag Ym Sagoz the Greedy
  7021 | D:5      | Reached skill level 5 in Translocations
  7372 | D:6      | Reached skill level 6 in Translocations
  7773 | D:6      | Reached skill level 7 in Translocations
  7989 | D:5      | Reached skill level 8 in Translocations
  8319 | D:6      | HP: 1/37 [killer bee (1)]
  8330 | D:6      | Reached skill level 9 in Translocations
  8335 | D:6      | Reached XP level 9. HP: 23/41 MP: 16/16
  8737 | D:6      | Reached skill level 10 in Translocations
  9176 | D:7      | Reached skill level 11 in Translocations
  9285 | D:7      | Reached skill level 10 in Ranged Weapons
  9753 | D:7      | Reached skill level 5 in Spellcasting
 10817 | D:8      | Slain by a gnoll sergeant

Illustrated notes

Levels and vault maps discovered:
D:1:      minmay_arrival_arboretum_large, layout_rooms,
          shapermc_ecumenical_altar_gd, corner_web_ring
D:2:      layout_basic, serial_shops, shop, small_statue_intersection,
          minmay_indecisive_spiral, uniq_robin, uniq_jessica
D:3:      layout_loops_cross, serial_shops, shop, kennysheep_another_room,
          grunt_decor_mini_mirrors, nicolae_shop_vocational
D:4:      layout_basic, gammafunk_ghost_abyssal_escape
D:5:      minmay_recursive_quarters, layout_basic, minmay_temple_entry_arrows,
          kennysheep_generic_room_12
D:6:      wad_crossroads, layout_basic
D:7:      layout_layer_cave
D:8:      layout_gridville, kennysheep_mini_moat, minmay_misc_feat_chi,
          dk_noncrumbling_3, uniq_psyche
Temple:   zaba_magenta_temple

Skill      XL: |  1  2  3  4  5  6  7  8  9 |
---------------+----------------------------+-----
Stealth        | 2 3 4 5 |  5.2
Ranged Weapons | 5 6 7 8 9 10 | 10.8
Translocations | 2 4 9 11 | 11.0
Spellcasting   | 1 4 6 |  6.4
Fighting       | |  1.5
Dodging        | |  2.6

Action                   |  1- 3 |  4- 6 |  7- 9 || total
-------------------------+-------+-------+-------++-------
 Fire: Shortbow          |    72 |   196 |   392 ||   660
 Cast: Blink             |       |     1 |       ||     1
  Use: Scroll            |     3 |     6 |     7 ||    16
       Potion            |       |       |     3 ||     3
Armor: Robe              |     6 |     4 |    16 ||    26
Dodge: Dodged            |    50 |    48 |   146 ||   244

Table legend: (Time is in decaauts)
 A = Elapsed time spent in this place.
 B = Non-inter-level travel time spent in this place.
 C = Inter-level travel time spent in this place.
 D = Time resting spent in this place.
 E = Time spent auto-exploring this place.
 F = Levels seen in this place.
 G = Mean time per level.
                   A        B        C        D        E       F      G
               +--------+--------+--------+--------+--------+-----+--------+
         Total |   8349 |   8085 |    264 |   3121 |   2762 |   9 |  927.7 |
       Dungeon |   8277 |   8021 |    256 |   3121 |   2762 |   8 | 1034.6 |
        Temple |     71 |     63 |      8 |      0 |      0 |   1 |   71.0 |
               +--------+--------+--------+--------+--------+-----+--------+

Top non-repeatable levels by time:
     D:5: 1385 daAuts
     D:1: 1362 daAuts
     D:6: 1225 daAuts
     D:4: 1143 daAuts
     D:2: 1101 daAuts
     D:7: 953 daAuts
     D:3: 815 daAuts
     D:8: 290 daAuts
  Temple: 71 daAuts
